 Dungeon Sprint DCSS version 0.28-a0-941-g140ffa10cf (webtiles) character file.

Game seed: 2700886525397446535

3735 Turgor the Severer (level 9, -1/123 HPs)
             Began as a Minotaur Berserker on Nov 29, 2021.
             Was a High Priest of Trog.
             Slain by a tentacle (9 damage)
             ... attached to a kraken
             ... in the Dungeon (Sprint II: "The Violet Keep of Menkaure").
             The game lasted 00:10:11 (641 turns).

Turgor the Severer (Minotaur Berserker)              Turns: 641, Time: 00:10:12

Health: -1/123     AC:  9    Str: 25    XL:     9   Next: 92%
Magic:  8/8        EV: 14    Int:  4    God:    Trog [*****.]
Gold:   280        SH:  0    Dex:  8    Spells: 8/8 levels left

rFire   . . .      SeeInvis .   a - +0 hand axe
rCold   + + .      Faith    .   (no shield)
rNeg    . . .      Spirit   .   c - +3 troll leather armour of Muttered Phrases {Rampage rPois rC++ Regen+ rCorr}
rPois   +          Reflect  .   (helmet restricted)
rElec   .          Harm     .   (no cloak)
rCorr   +          Rampage  +   (no gloves)
Will    ++...      Clarity  +   (no boots)
Stlth   .......... NoTele   +   (no amulet)
HPRegen 2.10/turn               (no ring)
MPRegen 0.11/turn               (no ring)

@: berserking, strong-willed, regenerating, very quick
A: horns 2, retaliatory headbutt, clarity, clumsy 1, frail 1
a: Renounce Religion, Berserk, Trog's Hand, Brothers in Arms


You were in the Dungeon.
You worshipped Trog.
Trog was extremely pleased with you.
You visited 1 branch You collected 972 gold pieces.
You spent 692 gold pieces at shops.

Inventory:

Hand Weapons
 a - a +0 hand axe (weapon)
 g - a +1 antimagic executioner's axe
Missiles
 i - 28 stones (quivered)
Armour
 c - the +3 troll leather armour of Muttered Phrases (worn) {Rampage rPois rC++ Regen+ rCorr}
   (You bought it in a shop in the Dungeon)

   rC:        It greatly protects you from cold.
   rPois:     It protects you from poison.
   Regen:     It increases your rate of health regeneration.
   rCorr:     It protects you from acid and corrosion.
   Rampage:   It bestows one free step when moving towards enemies.
Scrolls
 h - a scroll of blinking
Potions
 b - a potion of mutation
 d - a potion of heal wounds
 e - a potion of haste
 f - 2 potions of magic


   Skills:
 + Level 12.9 Fighting
 * Level 17.5 Axes
 + Level 12.6 Armour
 + Level 11.7 Dodging


You had 8 spell levels left.
You didn't know any spells.
Your spell library was empty.

Dungeon Overview and Level Annotations

Branches:
Dungeon (1/1)

Altars:
Cheibriados
Dithmenos
Elyvilon
Fedhas
Gozag
Hepliaklqana
Kikubaaqudgha
Makhleb
Nemelex Xobeh
Okawaru
Qazlal
Ru
Sif Muna
Trog
Uskayaw
Vehumet
Wu Jian
Xom
Yredelemnul
Zin
The Shining One
Beogh
Jiyva
Lugonu

Shops:
D :?[:[!:((=![!=[

Annotations:
D exclusion: oklob plant


Innate Abilities, Weirdness & Mutations

You have a pair of horns on your head.
You reflexively headbutt those who attack you in melee.
You possess an exceptional clarity of mind.
You are clumsy. (Dex -2)
You are frail. (-10% HP)


Message History

Found five items.
The water moccasin hisses angrily.
You rampage towards the kraken!
Your skin crawls.
You feel strong-willed.
Tentacles burst out of the water! 2 tentacles come into view.
You rampage towards the tentacle!
The tentacle slaps you!! The tentacle slaps you!
A red film seems to cover your vision as you go berserk!
You feel yourself moving faster!
You feel mighty! The tentacle slaps you!! The tentacle slaps you.
The tentacle slaps you! The tentacle slaps you.
You hit the tentacle. Your headbutt misses the tentacle.
The tentacle is lightly wounded.
You hit the tentacle. The tentacle barely misses you. The tentacle slaps you!
* * * LOW HITPOINT WARNING * * *
You slice the tentacle!! Your headbutt misses the tentacle.
The tentacle is heavily wounded.
You slash the tentacle! The tentacle closely misses you.
You slash the tentacle! You headbutt the tentacle!
The tentacle is almost dead.
You hit the tentacle but do no damage. The tentacle slaps you!!
* * * LOW HITPOINT WARNING * * *
You hit the tentacle but do no damage. You headbutt the tentacle.
The tentacle is almost dead.
You barely miss the tentacle.
The tentacle slaps you but does no damage.
The tentacle completely misses you.
You hit the tentacle. You headbutt the tentacle.
You kill the tentacle!
You slash the tentacle!
The tentacle slaps you but does no damage.
You closely miss the tentacle.
The tentacle is heavily wounded.
You hit the tentacle.
The tentacle is lightly wounded.
You hit the tentacle. The tentacle slaps you.
* * * LOW HITPOINT WARNING * * *
The tentacle slaps you!
You die...

#.# '.### =▓$!($?($$▓▓
#...# ##▓)?!$=[:[▓▓
##..# .#▓$$!$:!$$▓▓
.'..# .#▓)"$!((!)▓▓
.#..# .#▓!?:)$[[?▓▓
##..##.#▓)())!|![▓▓
###^..##▓▓▓▓▓▓▓+▓▓▓▓+▓
§.≈≈)†≈≈≈≈≈≈≈≈≈.@wX≈≈▓
..≈#†########+###w≈w≈▓
..≈#.†._._._#S≈§##≈≈≈▓
≈.≈#_._._._.#§≈≈§####▓
≈§≈#._._._._#≈≈≈≈≈#
≈≈≈#_._._._.#≈≈≈§§≈
≈≈≈#._._._..#≈≈≈≈≈≈
#§≈#_._._...#≈≈§≈§
#§≈#._._....#


You could see a kraken and 3 tentacles.

Vanquished Creatures
  3 shining eyes (D)
  A merfolk siren (D)
  A yaktaur (D)
  3 polar bears (D)
  4 neqoxecs (D)
  Menkaure (D)
  A water moccasin (D)
  4 necrophages (D)
  A scorpion (D)
  A spectral adder (D)
  3 worms (D)
  A spectral bat (D)
  A tentacle (D)
25 creatures vanquished.

Vanquished Creatures (collateral kills)
  A hornet (D)
  A water moccasin (D)
2 creatures vanquished.

Grand Total: 27 creatures vanquished

Notes
Turn   | Place    | Note
-------+----------+-------------------------------------------
     0 | D        | Turgor the Minotaur Berserker began the quest for the Orb.
     0 | D        | Reached XP level 1. HP: 19/19 MP: 0/0
     1 | D        | Noticed a necrophage
     1 | D        | Noticed a necrophage
     1 | D        | Noticed a necrophage
     1 | D        | Noticed a necrophage
     5 | D        | Killed a necrophage
     6 | D        | Reached skill level 5 in Fighting
     6 | D        | Reached skill level 7 in Axes
     6 | D        | Reached skill level 5 in Armour
     6 | D        | Reached XP level 2. HP: 30/30 MP: 1/1
     6 | D        | Reached XP level 3. HP: 37/37 MP: 2/2
     6 | D        | Reached XP level 4. HP: 44/44 MP: 3/3
     8 | D        | Killed a necrophage
     9 | D        | Reached skill level 8 in Axes
     9 | D        | Reached skill level 5 in Dodging
     9 | D        | Reached XP level 5. HP: 51/51 MP: 4/4
    14 | D        | Killed a necrophage
    14 | D        | Reached ** piety under Trog
    15 | D        | Reached skill level 10 in Axes
    18 | D        | Killed a necrophage
    19 | D        | Reached XP level 6. HP: 61/61 MP: 5/5
    70 | D        | Noticed a neqoxec
    70 | D        | Noticed a neqoxec
    70 | D        | Noticed a neqoxec
    70 | D        | Noticed a neqoxec
    70 | D        | Gained mutation: You tend to lose your temper in combat. [a
                  | neqoxec]
    75 | D        | Killed a neqoxec
    76 | D        | Reached skill level 11 in Axes
    78 | D        | Killed a neqoxec
    78 | D        | Reached *** piety under Trog
    79 | D        | Reached skill level 12 in Axes
    79 | D        | Reached XP level 7. HP: 70/70 MP: 6/6
    81 | D        | Killed a neqoxec
    85 | D        | Gained mutation: You are weak. (Str -2) [a neqoxec]
    89 | D        | Gained mutation: You are clumsy. (Dex -2) [a neqoxec]
    95 | D        | Gained mutation: You occasionally shout uncontrollably at
                  | your foes. [a neqoxec]
    96 | D        | Killed a neqoxec
    97 | D        | Reached skill level 13 in Axes
   174 | D        | Noticed a merfolk siren
   198 | D        | Killed a merfolk siren
   199 | D        | Reached skill level 10 in Fighting
   199 | D        | Reached skill level 10 in Armour
   199 | D        | Reached XP level 8. HP: 80/80 MP: 7/7
   205 | D        | Reached **** piety under Trog
   210 | D        | Reached skill level 14 in Axes
   212 | D        | Found Eluokh's Jewellery Boutique.
   212 | D        | Found Jasia's Antique Armour Shop.
   212 | D        | Found Eboethrya's Antique Armour Boutique.
   213 | D        | Found Extathiz's Antique Weapon Shop.
   214 | D        | Found Fuvame's Distillery.
   214 | D        | Found Yfescheo's Distillery.
   214 | D        | Found Keegi's Antique Armour Shop.
   214 | D        | Found Copygar's Weapon Shop.
   214 | D        | Found Ruan's Jewellery Shop.
   214 | D        | Found Awisaxt's Book Boutique.
   214 | D        | Found Tuezoax's Distillery.
   214 | D        | Found Ysufusch's Book Boutique.
   214 | D        | Noticed Menkaure
   215 | D        | Found Kuupla's Armour Shop.
   215 | D        | Found Ytoukef's Magic Scroll Boutique.
   215 | D        | Noticed a slime creature
   215 | D        | Noticed a slime creature
   216 | D        | Noticed a slime creature
   216 | D        | Noticed an oklob plant
   218 | D        | Killed Menkaure
   220 | D        | Reached ***** piety under Trog
   230 | D        | Found Riom's Book Shoppe.
   233 | D        | HP: 4/81 [poisoned by a water moccasin]
   237 | D        | Bought a potion of mutation for 96 gold pieces
   237 | D        | Lost mutation: You are clumsy. (Dex -2) [potion of
                  | mutation]
   237 | D        | Lost mutation: You tend to lose your temper in combat.
                  | [potion of mutation]
   237 | D        | Lost mutation: You are weak. (Str -2) [potion of mutation]
   237 | D        | Gained mutation: Your body sometimes deteriorates upon
                  | taking damage. [potion of mutation]
   242 | D        | Noticed a manticore
   243 | D        | Bought a fine troll leather armour for 420 gold pieces
   243 | D        | Identified the +3 troll leather armour of Muttered Phrases
                  | {Rampage rPois rC++ Regen+ rCorr} (You bought it in a shop
                  | in the Dungeon)
   254 | D        | Noticed a manticore
   256 | D        | Bought a potion of mutation for 88 gold pieces
   256 | D        | Lost mutation: Your body sometimes deteriorates upon taking
                  | damage. [potion of mutation]
   256 | D        | Lost mutation: You occasionally shout uncontrollably at
                  | your foes. [potion of mutation]
   256 | D        | Gained mutation: You are frail. (-10% HP) [potion of
                  | mutation]
   505 | D        | Bought a potion of mutation for 88 gold pieces
   535 | D        | Found a glowing golden altar of the Shining One.
   535 | D        | Found an ornate altar of the Wu Jian Council.
   536 | D        | Found a shimmering altar of Xom.
   536 | D        | Found a sacrificial altar of Ru.
   537 | D        | Found a basalt altar of Yredelemnul.
   537 | D        | Found a shimmering blue altar of Sif Muna.
   538 | D        | Found a glowing silver altar of Zin.
   538 | D        | Found a bloodstained altar of Trog.
   538 | D        | Found an ancient bone altar of Kikubaaqudgha.
   538 | D        | Found a stormy altar of Qazlal.
   538 | D        | Found a viscous altar of Jiyva.
   539 | D        | Found a hide-covered altar of Uskayaw.
   539 | D        | Found a corrupted altar of Lugonu.
   539 | D        | Found a shadowy altar of Dithmenos.
   540 | D        | Found a radiant altar of Vehumet.
   540 | D        | Found a burning altar of Makhleb.
   540 | D        | Found a white marble altar of Elyvilon.
   541 | D        | Found a sparkling altar of Nemelex Xobeh.
   541 | D        | Found a blossoming altar of Fedhas.
   543 | D        | Found an iron altar of Okawaru.
   543 | D        | Found an opulent altar of Gozag.
   543 | D        | Found a hazy altar of Hepliaklqana.
   543 | D        | Found a snail-covered altar of Cheibriados.
   543 | D        | Noticed a hornet
   543 | D        | Noticed a polar bear
   543 | D        | Noticed a polar bear
   544 | D        | Noticed a yaktaur
   545 | D        | Noticed a polar bear
   551 | D        | Killed a hornet
   553 | D        | Reached skill level 15 in Axes
   553 | D        | Reached skill level 10 in Dodging
   559 | D        | Killed a polar bear
   567 | D        | Killed a yaktaur
   568 | D        | Reached XP level 9. HP: 78/81 MP: 8/8
   568 | D        | Killed a polar bear
   569 | D        | Reached skill level 16 in Axes
   570 | D        | Killed a polar bear
   586 | D        | Noticed a shining eye
   587 | D        | Noticed a shining eye
   591 | D        | Killed a shining eye
   591 | D        | Gained mutation: You are clumsy. (Dex -2) [a shining eye]
   592 | D        | Noticed a shining eye
   594 | D        | Gained mutation: You possess an exceptional clarity of
                  | mind. [a shining eye]
   598 | D        | Killed a shining eye
   599 | D        | Reached skill level 17 in Axes
   599 | D        | Killed a shining eye
   608 | D        | Received a gift from Trog
   630 | D        | Noticed a kraken
   641 | D        | Slain by a tentacle

Illustrated notes

Levels and vault maps discovered:
D:        the_violet_keep_of_menkaure [sprint2_stairs_cluster_1,
          sprint2_shoproom, sprint2_temple, sprint2_basic_supplies,
          sprint2_obstacle_1, sprint2_obstacle_4, sprint2_obstacle_7,
          sprint2_obstacle_2, sprint2_obstacle_3, sprint2_timed_cluster_1,
          sprint2_smallroom_cluster_1, sprint2_smallroom_final_cluster_1,
          sprint2_transparent_cluster_1, sprint2_second_timed_cluster_1,
          sprint2_sniper_area_1, sprint2_heavy_combat_area_1,
          sprint2_mutation_trap_area_1, sprint2_forest_area_1,
          sprint2_light_combat_area_1, sprint2_behind_water_1,
          sprint2_near_end_vault_1]

Skill      XL: |  1  2  3  4  5  6  7  8  9 |
---------------+----------------------------+-----
Fighting       | 5 6 8 9 10 11 12 | 12.9
Axes           | 7 8 10 12 13 15 17 | 17.5
Armour         | 5 6 7 8 10 11 12 | 12.6
Dodging        | 4 5 6 7 9 10 11 | 11.7

Action                   |  1- 3 |  4- 6 |  7- 9 || total
-------------------------+-------+-------+-------++-------
Melee: Hand axe          |     3 |    20 |    93 ||   116
       Headbutt          |     1 |     4 |    19 ||    24
Invok: Berserk           |     1 |       |     3 ||     4
       Trog's Hand       |       |       |     3 ||     3
       Brothers in Arms  |       |       |     1 ||     1
  Use: Potion            |       |     1 |     3 ||     4
Armor: Animal skin       |       |       |     1 ||     1
       Troll leather arm |       |       |    15 ||    15
Dodge: Dodged            |     1 |     2 |    35 ||    38

Table legend: (Time is in decaauts)
 A = Elapsed time spent in this place.
 B = Non-inter-level travel time spent in this place.
 C = Inter-level travel time spent in this place.
 D = Time resting spent in this place.
 E = Time spent auto-exploring this place.
 F = Levels seen in this place.
 G = Mean time per level.
                   A        B        C        D        E       F      G
               +--------+--------+--------+--------+--------+-----+--------+
         Total |    658 |    658 |      0 |    359 |      0 |   1 |  658.0 |
       Dungeon |    658 |    658 |      0 |    359 |      0 |   1 |  658.0 |
               +--------+--------+--------+--------+--------+-----+--------+

Top non-repeatable levels by time:
       D: 658 daAuts
